 Dungeon Crawl Stone Soup version 0.30-a0-439-g9e77e4d916 (webtiles) character file.

Game seed: 3619082765921945058

702 bande the Chopper (level 7, 0/44 HPs)
             Began as a Gargoyle Fighter on Dec 10, 2022.
             Slain by an ufetubus (3 damage)
             ... summoned by Eustachio
             ... on level 4 of the Dungeon.
             The game lasted 00:07:12 (3910 turns).

bande the Chopper (Gargoyle Fighter)                Turns: 3910, Time: 00:07:13

Health: 0/44       AC: 12    Str: 19    XL:     7   Next: 66%
Magic:  7/7        EV:  9    Int:  9    God:
Gold:   109        SH:  6    Dex: 11    Spells: 6/6 levels left

rFire   . . .      SeeInvis .    a - +0 war axe
rCold   . . .      Faith    .    c - +1 buckler
rNeg    + . .      Spirit   .    b - +0 scale mail
rPois   ∞          Reflect  .    (no helmet)
rElec   +          Harm     .    (no cloak)
rCorr   .          Rampage  .    (no gloves)
Will    .....                    (no boots)
Stlth   ..........               (no amulet)
HPRegen 0.27/turn                (no ring)
MPRegen 0.10/turn                (no ring)

@: no status effects
A: sickness immunity, AC +4, negative energy resistance 1, electricity
resistance, torment resistance 1, petrification resistance
a: no special abilities


You were on level 4 of the Dungeon.
You visited 1 branch of the dungeon, and saw 4 of its levels.

You collected 109 gold pieces.

Inventory:

Hand Weapons
 a - a +0 war axe (weapon)
Armour
 b - a +0 scale mail (worn)
 c - a +1 buckler (worn)
Jewellery
 k - a ring of ice
 l - a ring of ice
Wands
 n - a wand of mindburst (23)
 o - a wand of flame (20)
Scrolls
 m - a scroll of butterflies
 p - a scroll of identify
Potions
 d - 2 potions of might
 e - a potion of brilliance {unknown}
 f - 2 potions of curing
 g - a potion of degeneration {unknown}
 h - 2 potions of lignification {unknown}
 i - a potion of magic {unknown}
 j - a potion of berserk rage {unknown}
 q - a potion of invisibility {unknown}
 r - a potion of heal wounds {unknown}


   Skills:
 + Level 4.8 Fighting
 + Level 5.4 Axes
 + Level 5.0 Armour
 + Level 4.4 Shields
 * Level 1.5 Evocations


You had 6 spell levels left.
You didn't know any spells.
Your spell library contained the following spells:

 Spells                   Type           Power      Damage    Failure   Level
 Beastly Appendage        Tmut           0%         N/A       83%         1
 Slow                     Hex            0%         N/A       83%         1
 Poisonous Vapours        Pois/Air       0%         N/A       92%         2
 Wereblood                Tmut           0%         N/A       92%         2
 Mephitic Cloud           Conj/Pois/Air  0%         N/A       99%         3
 Spider Form              Tmut/Pois      0%         N/A       99%         3
 Conjure Ball Lightning   Conj/Air       0%         3x3d6     100%        6
 Discord                  Hex            0%         N/A       100%        8
 Disjunction              Tloc           0%         N/A       100%        8
 Cigotuvi's Dreadful Rot  Necr/Pois/Air  Unusable   N/A       N/A         2

Dungeon Overview and Level Annotations

Branches:
Dungeon (4/15)
 Temple: D:4-7

Altars:
Gozag
Vehumet
Yredelemnul

Shops:
D:1 ?(*[[

Annotations:
D:4 Eustachio


Innate Abilities, Weirdness & Mutations

You are immune to sickness and miasma.
Your stone body is resilient. (AC +4)
You are immune to poison.
You resist negative energy. (rN+)
You are resistant to electric shocks. (rElec)
You are resistant to unholy torment.
You are immune to petrification.


Message History

* * * LOW HITPOINT WARNING * * *
The shadow imp hits you but does no damage.
The ufetubus attacks as you move away! The ufetubus barely misses you. x2
The shadow imp attacks as you move away!
The shadow imp barely misses you.
Eustachio casts a spell.
Eustachio blinks!
The ufetubus hits you.
* * * LOW HITPOINT WARNING * * *
The ufetubus hits you.
* * * LOW HITPOINT WARNING * * *
You feel better. Eustachio hits you but does no damage.
The ufetubus hits you but does no damage.
The ufetubus hits you.
* * * LOW HITPOINT WARNING * * *
The shadow imp barely misses you. The river rat barely misses you.
You closely miss the ufetubus. You barely miss Eustachio.
You hit the ufetubus but do no damage. You closely miss the shadow imp.
You hit the river rat.
The ufetubus hits you but does no damage.
You block the ufetubus's attack. The ufetubus hits you.
* * * LOW HITPOINT WARNING * * *
The ufetubus hits you.
* * * LOW HITPOINT WARNING * * *
Eustachio hits you with a +1 rapier of protection.
* * * LOW HITPOINT WARNING * * *
The ufetubus hits you but does no damage. x2
You block the ufetubus's attack. x2; The river rat barely misses you.
The shadow imp closely misses you.
You feel better. The ufetubus hits you.
* * * LOW HITPOINT WARNING * * *
You block the ufetubus's attack.
The ufetubus hits you but does no damage.
The ufetubus barely misses you. Eustachio hits you but does no damage.
The river rat bites you.
* * * LOW HITPOINT WARNING * * *
The shadow imp hits you but does no damage.
You block the ufetubus's attack.
The ufetubus hits you but does no damage.
The ufetubus hits you.
You die...

################# .#
................. .#
................. .#
.................. .#
.................. .#
.................. .+
........5rr...... .#
........5@@...... .#
##..###.5....###. .#
#######......###.. .#
.................. .#
........<......... .#
.................. .#
########...#######
.#########.####...####.
..#....................


You could see Eustachio, a river rat (summoned), a shadow imp (summoned), 2
ufetubi and a rat (summoned).

Vanquished Creatures
  Sigmund (D:2)
  2 bullfrogs (D:4)
  A howler monkey (D:4)
  3 jellies
  Jessica (D:3)
  An orc wizard (D:4)
  Natasha (thrice) (D:2)
  5 adders
  2 worms (D:3)
  A dart slug (D:1)
  6 orcs
  5 bats
  9 endoplasms
  3 giant cockroaches
  7 goblins
  8 hobgoblins
  6 jackals (D:1)
  10 kobolds
  6 quokkas
  10 ball pythons
  3 frilled lizards (D:1)
  4 rats
97 creatures vanquished.

Vanquished Creatures (others)
  12 fungi (D:4)
  4 toadstools (D:4)
16 creatures vanquished.

Grand Total: 113 creatures vanquished

Notes
Turn   | Place    | Note
-------+----------+-------------------------------------------
     0 | D:1      | bande the Gargoyle Fighter began the quest for the Orb.
     0 | D:1      | Reached XP level 1. HP: 14/14 MP: 1/1
   140 | D:1      | Reached XP level 2. HP: 19/19 MP: 2/2
   194 | D:1      | Found Fuijaxue's Antique Weapon Boutique.
   234 | D:1      | Found Otodu's Assorted Antiques.
   333 | D:1      | Found Nisulug's Armour Emporium.
   398 | D:1      | Found Faag's Armour Shoppe.
   412 | D:1      | Reached XP level 3. HP: 23/23 MP: 3/3
   485 | D:1      | Found Cafiol's Magic Scroll Emporium.
   940 | D:2      | Reached XP level 4. HP: 29/29 MP: 4/4
  1123 | D:2      | Found an opulent altar of Gozag.
  1260 | D:2      | Noticed Sigmund
  1271 | D:2      | Killed Sigmund
  1272 | D:2      | Reached XP level 5. HP: 14/33 MP: 5/5
  1272 | D:2      | Reached XP level 6. HP: 16/38 MP: 6/6
  1546 | D:2      | Noticed Natasha
  1558 | D:2      | Killed Natasha
  1774 | D:2      | Noticed Natasha
  1785 | D:2      | Killed Natasha
  2030 | D:2      | Noticed Natasha
  2036 | D:2      | Killed Natasha
  2205 | D:3      | Found a basalt altar of Yredelemnul.
  2609 | D:3      | Found a radiant altar of Vehumet.
  2698 | D:3      | Found a faded altar of an unknown god.
  2766 | D:3      | Noticed Jessica
  2773 | D:3      | Killed Jessica
  2830 | D:3      | Got Jessica's Encyclopedia of Curses
  3236 | D:4      | Reached XP level 7. HP: 42/44 MP: 7/7
  3336 | D:4      | Reached skill level 5 in Axes
  3336 | D:4      | Reached skill level 1 in Evocations
  3608 | D:3      | Reached skill level 5 in Armour
  3882 | D:4      | Noticed Eustachio
  3909 | D:4      | HP: 2/44 [Eustachio/+1 rapier of protection (5)]
  3910 | D:4      | Slain by an ufetubus

Illustrated notes

Levels and vault maps discovered:
D:1:      kilobyte_arrival_exit_the_forest, layout_basic, serial_shops,
          nicolae_shop_hallway_stairs, nicolae_square_shop, nicolae_shop_trees,
          nicolae_shop_overgrown_old_shop,
          nicolae_shop_temple_entry_statues_fountains, serial_glass,
          glass_columns_a, glass_columns_c
D:2:      layout_basic, basic_altar, roderic_serpentine_path,
          chequers_serial_rivers_large_a, uniq_sigmund, uniq_natasha
D:3:      layout_basic, yredelemnul_altar_generic, fiery_altar_vehumet,
          hellmonk_ecumenical_altar_heavens_door, kennysheep_another_room,
          kennysheep_jessica_study
D:4:      cheibrodos_fertilizer, layout_gridville,
          lemuel_coloured_pillars_altar, serial_shops,
          nicolae_shop_behind_doors, wad_orctagon, uniq_duvessa, uniq_eustachio

Skill      XL: |  1  2  3  4  5  6  7 |
---------------+----------------------+-----
Axes           | 2 4 5 |  5.4
Fighting       | 4 |  4.8
Armour         | 4 5 |  5.0
Shields        | 4 |  4.4
Evocations     | 1 |  1.5

Action                   |  1- 3 |  4- 6 |  7- 9 || total
-------------------------+-------+-------+-------++-------
Melee: War axe           |    99 |   127 |    78 ||   304
  Use: Scroll            |     4 |     3 |       ||     7
       Potion            |       |     1 |     2 ||     3
Armor: Scale mail        |    72 |    64 |    94 ||   230
Dodge: Dodged            |    55 |    66 |    60 ||   181
Block: Buckler           |    20 |    29 |    34 ||    83

Table legend: (Time is in decaauts)
 A = Elapsed time spent in this place.
 B = Non-inter-level travel time spent in this place.
 C = Inter-level travel time spent in this place.
 D = Time resting spent in this place.
 E = Time spent auto-exploring this place.
 F = Levels seen in this place.
 G = Mean time per level.
                   A        B        C        D        E       F      G
               +--------+--------+--------+--------+--------+-----+--------+
         Total |   4049 |   3967 |     82 |    590 |   2518 |   4 | 1012.2 |
       Dungeon |   4049 |   3967 |     82 |    590 |   2518 |   4 | 1012.2 |
               +--------+--------+--------+--------+--------+-----+--------+

Top non-repeatable levels by time:
     D:2: 1440 daAuts
     D:3: 1269 daAuts
     D:1: 851 daAuts
     D:4: 487 daAuts
